 Dungeon Crawl Stone Soup version 0.22-a0-392-g5dc3fd9 (webtiles) character file.

1828 4thArraOfDagon the Firebug (level 8, -2/57 HPs)
             Began as a Centaur Fire Elementalist on May 2, 2018.
             Was a Believer of Sif Muna.
             Slain by a two-headed ogre
             ... wielding a +0 giant club
              (21 damage)
             ... on level 9 of the Dungeon.
             The game lasted 00:20:36 (5531 turns).

4thArraOfDagon the Firebug (CeFE)                   Turns: 5531, Time: 00:20:37

Health: -2/57      AC:  9    Str: 12    XL:     8   Next: 86%
Magic:  0/13       EV:  9    Int: 16    God:    Sif Muna [**....]
Gold:   174        SH:  0    Dex:  9    Spells: 1/14 levels left

rFire    . . .     SeeInvis .   v - +2 flail (crush)
rCold    . . .     Gourm    .   (no shield)
rNeg     . . .     Faith    .   A - +1 robe {MR+}
rPois    .         Spirit   .   h - +0 helmet (curse)
rElec    .         Reflect  .   l - scarf {repulsion}
rCorr    .         Harm     .   d - +2 pair of gloves
MR       +....                  (no barding)
Stlth    +.........             t - amulet of magic regeneration
HPRegen  0.19/turn              g - ring of wizardry
MPRegen  0.38/turn              u - ring of wizardry

@: very slightly contaminated, divine energy, repel missiles, very quick
A: large, hooves 3, deformed body, speed 2, tough skin 3
a: Stop Divine Energy, Renounce Religion


You were on level 9 of the Dungeon.
You worshipped Sif Muna.
Sif Muna was pleased with you.
You were hungry.

You visited 1 branch of the dungeon, and saw 8 of its levels.

You collected 468 gold pieces.
You spent 294 gold pieces at shops.

Inventory:

Hand Weapons
 b - a +1 trident
 v - a +2 flail of crushing (weapon)
 B - the +7 bardiche of the Vaults {flame, *Slow rPois Dex+8 Stlth-}
   (You bought it in a shop on level 6 of the Dungeon)

   It has been specially enchanted to burn those struck by it, causing extra
   injury to most foes and up to half again as much damage against particularly
   susceptible opponents.
   Big, fiery blades are also staple armaments of hydra-hunters.
   It affects your dexterity (+8).
   It protects you from poison.
   It may slow you when you take damage.
   It makes you less stealthy.
Missiles
 q - 5 curare-tipped needles
Armour
 d - a +2 pair of gloves (worn)
 h - a cursed +0 helmet (worn)
 l - a scarf of repulsion (worn)
 A - a +1 robe of magic resistance (worn)
Jewellery
 g - a ring of wizardry (left hand)
 n - an uncursed ring of wizardry
 t - an amulet of magic regeneration (around neck)
 u - a ring of wizardry (right hand)
Wands
 k - a wand of digging (14)
 z - a wand of iceblast (13)
Scrolls
 a - a scroll of enchant armour {unknown}
 e - a scroll of noise
 f - 5 scrolls of remove curse
 i - a scroll of enchant weapon
 m - 2 scrolls of random uselessness {unknown}
 p - a scroll of magic mapping {unknown}
 r - a scroll of fear {unknown}
 s - a scroll of blinking
 y - 4 scrolls of teleportation
Potions
 j - 2 potions of heal wounds
 o - a potion of lignification
 x - 2 potions of curing
Comestibles
 c - 12 rations
 w - 7 chunks of flesh


   Skills:
 - Level 1.3 Dodging
 - Level 1.1 Stealth
 + Level 3.9 Spellcasting
 * Level 6.2 Conjurations
 * Level 6.8 Fire Magic
 + Level 4.1 Invocations


You had one spell level left.
You knew the following spells:

 Your Spells              Type           Power        Failure   Level  Hunger
a - Flame Tongue          Conj/Fire      ###..        1%          1    None
b - Conjure Flame         Conj/Fire      ###.....     1%          3    ###....
c - Sticky Flame          Conj/Fire      ###.....     3%          4    ####...
d - Fireball              Conj/Fire      ###.......   9%          5    ######.


Dungeon Overview and Level Annotations

Branches:
Dungeon (7/15)             Temple (0/1) D:7

Altars:
Ashenzari
Cheibriados
Qazlal
Sif Muna
Zin

Shops:
D:5 [   D:6 *(   D:7 *


Innate Abilities, Weirdness & Mutations

You have hooves in place of feet.
Armour fits poorly on your strangely shaped body.
You cover ground very quickly.
You have extremely tough skin. (AC +3)


Message History

Okay, then.
You hit the two-headed ogre but do no damage.
The two-headed ogre is lightly wounded.
The two-headed ogre is engulfed in blazing flames.
The two-headed ogre hits you with a giant club.
The two-headed ogre hits you with a giant club!
Unknown command.
Unknown command.
Casting: Conjure Flame (safe; 1% risk of failure)
Confirm with . or Enter, or press ? or * to list all spells.
Aiming: Sticky Flame (safe; 3% risk of failure)
Press: ? - help, Shift-Dir - straight line, f - two-headed ogre
Aim: a two-headed ogre, wielding two giant clubs (flame, moderately wounded)
The sticky flame hits the two-headed ogre.
The two-headed ogre is moderately wounded.
The two-headed ogre is covered in liquid flames!
The two-headed ogre burns!
The two-headed ogre is engulfed in blazing flames.
The two-headed ogre hits you with a giant club!! x2
You die...

.........
..[..O.
....# #..#
#..# #.O#
#..#
#.O########
#..§O@....#
###########


You could see 2 two-headed ogres.

Vanquished Creatures
  Edmund (D:6)
  A water moccasin (D:6)
  2 phantoms
  A centaur (D:5)
  2 ogres
  A scorpion (D:7)
  3 killer bees (D:3)
  5 wights
  2 crimson imps
  A hound (D:4)
  A gnoll shaman (D:4)
  4 orc priests
  Natasha (thrice) (D:2)
  2 iguanas
  4 orc wizards
  A worker ant (D:4)
  A howler monkey zombie (D:6)
  11 gnolls
  7 adders
  2 oozes
  A worm (D:5)
  A dart slug (D:4)
  6 leopard geckos
  12 orcs
  3 ball pythons
  2 bats
  6 giant cockroaches
  3 goblins
  8 hobgoblins
  5 jackals
  7 kobolds
  3 quokkas
  2 frilled lizards
  A jackal zombie (D:7)
  2 quokka skeletons
  5 rats
122 creatures vanquished.

Notes
Turn   | Place    | Note
-------+----------+-------------------------------------------
     0 | D:1      | 4thArraOfDagon the Centaur Fire Elementalist began the quest for the Orb.
     0 | D:1      | Reached XP level 1. HP: 14/14 MP: 3/3
    14 | D:1      | Reached skill level 1 in Conjurations
    31 | D:1      | Noticed an ogre
   115 | D:1      | Reached XP level 2. HP: 8/20 MP: 0/4
   295 | D:3      | Noticed a killer bee
   595 | D:4      | Reached XP level 3. HP: 19/26 MP: 0/5
   606 | D:5      | Entered Level 5 of the Dungeon
   611 | D:5      | Learned a level 3 spell: Conjure Flame
   765 | D:6      | Noticed an ogre
   766 | D:6      | Noticed Edmund
   786 | D:6      | Noticed an ogre
   962 | D:5      | Noticed a centaur
   970 | D:5      | Killed a centaur
   970 | D:5      | Reached XP level 4. HP: 5/33 MP: 4/7
  1078 | D:4      | Noticed a phantom
  1252 | D:2      | Found a stormy altar of Qazlal.
  1257 | D:2      | Found a snail-covered altar of Cheibriados.
  1280 | D:2      | Noticed Natasha
  1342 | D:3      | Reached XP level 5. HP: 20/38 MP: 1/8
  1355 | D:3      | Learned a level 4 spell: Sticky Flame
  1511 | D:5      | HP: 1/38 [orc wizard/puff of flame (8)]
  2287 | D:5      | Found a deep blue altar of Sif Muna.
  2300 | D:5      | Became a worshipper of Sif Muna the Loreminder
  2478 | D:4      | Reached XP level 6. HP: 36/45 MP: 0/9
  2646 | D:3      | Reached skill level 1 in Invocations
  2675 | D:2      | Found a glowing silver altar of Zin.
  3272 | D:2      | Killed Natasha
  3335 | D:2      | Noticed Natasha
  3340 | D:2      | Killed Natasha
  3363 | D:2      | Noticed Natasha
  3368 | D:2      | Killed Natasha
  3570 | D:3      | Reached skill level 5 in Fire Magic
  3570 | D:3      | Reached XP level 7. HP: 43/50 MP: 6/11
  3681 | D:4      | Reached * piety under Sif Muna
  3898 | D:4      | Found a shattered altar of Ashenzari.
  4128 | D:5      | Found Lusewion's Armour Boutique.
  4734 | D:5      | Reached skill level 5 in Conjurations
  4776 | D:6      | Found Sinuduh's Serpentskin Sales.
  4788 | D:6      | Reached XP level 8. HP: 57/57 MP: 5/13
  5006 | D:6      | Reached ** piety under Sif Muna
  5009 | D:6      | Killed Edmund
  5331 | D:6      | Found Musemp's Antique Weapon Boutique.
  5339 | D:6      | Bought a blackened bardiche for 294 gold pieces
  5339 | D:6      | Identified the +7 bardiche of the Vaults {flame, *Slow rPois Dex+8 Stlth-} (You bought it in a shop on level 6 of the Dungeon)
  5459 | D:7      | Learned a level 5 spell: Fireball
  5486 | D:7      | Found a staircase to the Ecumenical Temple.
  5518 | D:7      | Found Ytul's General Store.
  5520 | D:7      | You fall through a shaft for 2 floors!
  5520 | D:9      | Noticed a two-headed ogre
  5520 | D:9      | Noticed a two-headed ogre
  5531 | D:9      | Slain by a two-headed ogre

Vault maps used:
D:1:      evilmike_arrival_come_back
D:2:      zin_academy, chequers_temple_overflow_statue_of_worship,
          minmay_pentomino_w2, uniq_natasha
D:3:      first_ration
D:4:      kennysheep_little_box
D:5:      serial_shops, shop, tgw_sif
D:6:      serial_shops, shop, guppyfry_shop_venom, uniq_edmund
D:7:      minmay_temple_entry_glass, serial_shops, shop_fountains
D:9:      kennysheep_ambush_hall

Skill      XL: |  1  2  3  4  5  6  7  8 |
---------------+-------------------------+-----
Conjurations   | 1 2 3 4 5 6 |  6.2
Fire Magic     | 3 4 5 6 |  6.8
Spellcasting   | 2 3 |  3.9
Invocations    | 1 3 4 |  4.1
Dodging        | |  1.3
Stealth        | |  1.1

Action                   |  1- 3 |  4- 6 |  7- 9 || total
-------------------------+-------+-------+-------++-------
Melee: Unarmed           |    21 |       |       ||    21
       Kick              |     4 |     7 |     9 ||    20
       Trident           |    13 |    62 |    71 ||   146
       Flail             |       |       |    28 ||    28
 Cast: Flame Tongue      |    43 |    53 |    91 ||   187
       Sticky Flame      |       |    10 |    21 ||    31
       Conjure Flame     |       |       |     7 ||     7
Invok: Divine Energy     |       |       |     1 ||     1
 Abil: Evoke Berserk Rag |     1 |     2 |       ||     3
  Use: Potion            |     3 |     2 |     1 ||     6
       Scroll            |     2 |     6 |     2 ||    10
  Eat: Chunk             |     1 |     9 |     9 ||    19
       Ration            |       |     1 |       ||     1
Armor: Robe              |    27 |    36 |    56 ||   119
       Skin              |       |       |     2 ||     2
Dodge: Dodged            |    33 |    52 |    70 ||   155
       Deflected         |       |       |     2 ||     2

Table legend:
 A = Spawn XP
 B = Non-spawn XP
 C = Spawn XP percentage of total XP
 D = Spawn monster count
 E = Non-spawn monster count
 F = Spawn count percentage of total count
 G = Total turns spent on level
                    A         B        C        D         E        F      G
               +---------+---------+-------+---------+---------+-------+---------
         Total |       0 |    2612 |   0.0 |       0 |     122 |   0.0 |  5531
               +---------+---------+-------+---------+---------+-------+---------
           D:1 |       0 |      28 |   0.0 |       0 |      15 |   0.0 |   663
           D:2 |       0 |     137 |   0.0 |       0 |      10 |   0.0 |   431
           D:3 |       0 |     304 |   0.0 |       0 |      30 |   0.0 |   898
           D:4 |       0 |     543 |   0.0 |       0 |      21 |   0.0 |   768
           D:5 |       0 |     677 |   0.0 |       0 |      20 |   0.0 |  2100
           D:6 |       0 |     842 |   0.0 |       0 |      23 |   0.0 |   579
           D:7 |       0 |      81 |   0.0 |       0 |       3 |   0.0 |    81
               +---------+---------+-------+---------+---------+-------+---------
